 Dungeon Crawl Stone Soup version 0.17-a0-1475-g9f81d98 (console) character file.

121 Monkaria the Cudgeler (level 4, -2/40 HPs)
             Began as a Minotaur Wanderer on July 2, 2015.
             Killed from afar by an orc wizard (9 damage)
             ... with a puff of flame
             ... on level 3 of the Dungeon.
             The game lasted 00:04:52 (2362 turns).

Monkaria the Cudgeler (Minotaur Wanderer)           Turns: 2362, Time: 00:04:52

Health: -2/40      AC:  6    Str: 20    XL:     4   Next: 77%
Magic:  3/3        EV: 10    Int:  7    God:
Gold:   168        SH:  0    Dex:  9    Spells: 0 memorised, 3 levels left

rFire  . . .     SeeInvis .     a - +2 mace
rCold  . . .     Clarity  .     b - +0 ring mail
rNeg   + . .     SustAt   .     (no shield)
rPois  .         Gourm    .     (helmet restricted)
rElec  .         Spirit   .     (no cloak)
rCorr  .         Warding  .     t - +0 pair of gloves
rMut   .         Stasis   .     (no boots)
MR     +....                    (no amulet)
Stlth  +.........               q - ring of protection from magic
                                h - ring of positive energy

@: somewhat resistant to hostile enchantments, very unstealthy
A: retaliatory headbutt, horns 2
a: no special abilities


You were on level 3 of the Dungeon.
You were not hungry.

You visited 1 branch of the dungeon, and saw 3 of its levels.

You collected 168 gold pieces.

Inventory:

Hand weapons
 a - a +2 mace (weapon)
Missiles
 l - 8 tomahawks (quivered)
Armour
 b - a +0 ring mail (worn)
 t - a +0 pair of gloves (worn)
Jewellery
 h - a ring of positive energy (left hand)
 o - an uncursed ring of see invisible
 q - a ring of protection from magic (right hand)
Magical devices
 p - a wand of magic darts (27)
Scrolls
 c - a scroll of teleportation
 g - 2 scrolls of amnesia {unknown}
 j - 3 scrolls of magic mapping {unknown}
 m - a scroll of noise {unknown}
 r - a scroll of random uselessness {unknown}
 s - a scroll of identify {unknown}
 u - a scroll of remove curse {unknown}
 v - a scroll of fog {unknown}
Potions
 e - a potion of agility {unknown}
 f - 2 potions of magic {unknown}
 i - 3 potions of invisibility {unknown}
 n - a potion of poison {unknown}
Comestibles
 d - a bread ration
 k - a slice of pizza
 w - a beef jerky
 x - 4 chunks of flesh


   Skills:
 - Level 4.0 Fighting
 + Level 6.6 Maces & Flails
 - Level 2.4 Armour
 - Level 1.0 Stealth
   Level 1.2 Shields


You had 3 spell levels left.
You didn't know any spells.

Dungeon Overview and Level Annotations

Branches:
Dungeon (3/15)

Altars:
Qazlal


Innate Abilities, Weirdness & Mutations

You reflexively headbutt those who attack you in melee.
You have a pair of horns on your head.


Message History

The orc wizard closely misses you.
You hit the orc wizard.
The orc wizard is heavily wounded.
The orc wizard casts a spell at you. The puff of frost hits you!
The orc wizard hits you but does no damage.
You hit the orc wizard but do no damage.
The orc wizard is heavily wounded.
The orc wizard casts a spell at you. The magic dart hits you!
* * * LOW HITPOINT WARNING * * *
You are too injured to fight recklessly!
You are too injured to fight recklessly!
An orc wizard is nearby!
An orc wizard is nearby!
You sock the orc wizard!
The orc wizard is almost dead.
The orc wizard points at you and mumbles some strange words.
The puff of flame hits you!
You die...

##)## ###.#.##
#...#####.#..#
#........###.###
##...####.#§...§#
#......##.#.....###
#....#.##...._....#
#.#.##.##.#.....#.######
#.#.##.##.#§...≈#......†
#.#.)).@..###.#######.##
#.#.....o...... #.#
#.####.##.####. ... #.#
#.# .# ..#.. #. #.# #
##. .# #.# .# .# #.# .
.. ..#


You could see an orc wizard.

Vanquished Creatures
  4 gnolls (D:3)
  An adder (D:3)
  2 worms
  2 giant geckos
  2 orcs (D:3)
  7 bats
  2 giant cockroaches (D:1)
  10 hobgoblins
  8 jackals (D:3)
  4 kobolds
  3 quokkas
  3 giant newts
  7 goblins
  4 rats
59 creatures vanquished.

Vanquished Creatures (others)
  A worm (D:3)
1 creature vanquished.

Grand Total: 60 creatures vanquished

Notes
Turn   | Place    | Note
--------------------------------------------------------------
     0 | D:1      | Monkaria the Minotaur Wanderer began the quest for the Orb.
     0 | D:1      | Monkaria set off with: a +2 mace, a +0 ring mail, a scroll of teleportation, a bread ration
     0 | D:1      | Reached XP level 1. HP: 18/18 MP: 0/0
   368 | D:1      | Reached XP level 2. HP: 24/26 MP: 1/1
  1324 | D:2      | Reached skill level 5 in Maces & Flails
  1330 | D:2      | Reached XP level 3. HP: 29/33 MP: 2/2
  1858 | D:3      | Found a stormy altar of Qazlal.
  1944 | D:3      | Reached skill level 6 in Maces & Flails
  1944 | D:3      | Reached XP level 4. HP: 23/40 MP: 3/3
  2362 | D:3      | Killed from afar by an orc wizard

Vault maps used:
D:1:      lemuel_arrival_lava_pool
D:3:      grunt_qazlal_clouds

Action                   |  1- 3 |  4- 6 || total
-------------------------+-------+-------++-------
Melee: Mace              |    83 |    57 ||   140
  Eat: Chunk             |     3 |     2 ||     5
